Map: 10000 Feet LE

Players

MAKSIM

  • Race: Zerg Zerg
  • League: Master
  • Spawn Location: 11:00

KampfHeld - Winner!

  • Race: Terran Terran
  • League: Master
  • Spawn Location: 5:00

VOD

Have the link to the VOD?

Description

Time

  • Played on: May 30, 2026, 12:38 p.m.
  • Length: 16:53
Show
View Real Time Build Order
Export as new Build Order

MAKSIM Zerg 

Build Orders: Hatch First 

Get SALT Encoding   

  12  0:00  Drone  
  13  0:13  Overlord  
  13  0:17  Drone  
  14  0:32  Drone x2  
  16  0:49  Hatchery  
  15  0:51  Drone  
  15  0:53  Drone  
  17  0:57  Drone  
  18  1:08  Extractor  
  17  1:12  Spawning Pool  
  17  1:15  Drone  
  17  1:19  Drone  
  18  1:29  Drone  
  19  1:41  Drone  
  20  1:52  Drone  
  21  2:00  Queen x2  
  25  2:02  Zergling x2  
  25  2:03  Zergling x2  
  27  2:16  Hatchery  
  27  2:22  Metabolic Boost  
  26  2:26  Overlord  
  26  2:31  Drone  
  26  2:33  Drone  
  28  2:43  Queen  
  30  2:47  Drone  
  31  2:51  Drone x2  
  33  2:58  Overlord  
  33  3:07  Drone x3  
  36  3:15  Overlord  
  36  3:24  Drone x4  
  40  3:29  Queen  
  42  3:38  Drone  
  42  3:39  Drone x4  
  45  3:44  Lair  
  45  3:51  Zergling x8  
  45  3:53  Zergling x2  
  50  4:00  Drone x4  
  54  4:03  Extractor  
  54  4:04  Extractor  
  54  4:08  Overlord  
  52  4:10  Drone  
  52  4:13  Queen  
  52  4:15  Drone x2  
  57  4:28  Drone x8  
  65  4:33  Overlord  
  65  4:43  Spore Crawler  
  64  4:47  Spore Crawler  
  64  4:48  Spore Crawler  
  64  4:50  Hydralisk Den, Overlord  
  61  4:53  Drone x5  
  66  5:00  Overlord  
  66  5:11  Overlord  
  66  5:17  Drone  
  66  5:18  Drone x3  
  70  5:22  Overlord  
  70  5:24  Grooved Spines, Hydralisk x5  
  80  5:35  Overlord  
  80  5:41  Drone x4  
  80  5:42  Extractor x2  
  82  5:49  Overlord  
  81  5:59  Overlord, Hydralisk x10  
  101  6:14  Drone x3, Baneling Nest, Muscular Augments  
  101  6:16  Evolution Chamber  
  101  6:17  Evolution Chamber  
  101  6:21  Hatchery  
  97  6:35  Drone x3  
  97  6:39  Extractor  
  98  6:40  Infestation Pit  
  98  6:42  Drone x5  
  98  6:52  Drone x3  
  98  6:54  Hydralisk x6  
  105  7:02  Zerg Melee Weapons Level 1  
  105  7:05  Zerg Missile Weapons Level 1  
  105  7:07  Drone x2  
  107  7:16  Hydralisk x3  
  107  7:18  Overlord x5  
  107  7:21  Hive  
  113  7:33  Hydralisk x3  
  119  7:37  Centrifugal Hooks  
  119  7:38  Hydralisk x3  
  119  7:39  Zergling x4  
  119  7:40  Zergling x2  
  128  7:49  Hydralisk x3  
  128  7:50  Zergling x8  
  138  7:53  Overlord  
  138  8:06  Overlord x2  
  138  8:07  Overlord x2  
  138  8:11  Baneling x14  
  138  8:17  Zergling x12  
  144  8:29  Drone  
  144  8:30  Drone x8, Spore Crawler  
  144  8:32  Overlord x2  
  144  8:33  Spore Crawler  
  151  8:43  Ultralisk Cavern  
  151  8:45  Hydralisk x4  
  158  8:49  Overseer  
  158  8:50  Pneumatized Carapace  
  158  8:59  Extractor  
  158  9:00  Extractor, Drone x4  
  160  9:05  Adrenal Glands  
  160  9:09  Hatchery  
  159  9:15  Hydralisk x5  
  159  9:16  Zergling x4  
  171  9:24  Drone  
  171  9:25  Drone x5  
  171  9:27  Overlord  
  171  9:30  Zerg Melee Weapons Level 2  
  177  9:37  Zerg Missile Weapons Level 2  
  177  9:40  Baneling x4  
  177  9:41  Baneling x2  
  177  9:47  Zergling x24  
  177  9:50  Overlord  
  179  10:02  Lair  
  179  10:05  Hydralisk  
  179  10:06  Hydralisk x5  
  181  10:21  Zergling x28  
  193  10:23  Unknown  
  193  10:31  Drone x3  
  196  10:37  Hatchery  
  196  10:41  Baneling x10  
  195  10:51  Overseer  
  195  10:53  Zergling x10  
  193  11:04  Zergling x36  
  182  11:08  Hive  
  146  11:22  Zergling x10  
  146  11:25  Baneling x18  
  123  11:28  Zergling x12  
  129  11:35  Drone x2  
  129  11:46  Hydralisk  
  129  11:47  Hydralisk x7  
  118  11:50  Hydralisk  
  118  11:52  Baneling x6  
  134  12:12  Zergling x34  
  145  12:15  Baneling  
  145  12:16  Baneling x8  
  145  12:17  Zerg Ground Armor Level 1  
  138  12:31  Zergling x16  
  144  12:40  Overseer  
  144  12:47  Hatchery  
  143  12:51  Zerg Missile Weapons Level 3  
  143  12:52  Hydralisk x4  
  143  12:53  Hydralisk  
  143  12:55  Overseer  
  143  12:58  Hatchery  
  133  13:14  Zergling x30  
  133  13:18  Burrow  
  147  13:26  Hydralisk x5  
  157  13:44  Drone  
  157  13:45  Drone x4  
  162  13:48  Hydralisk x7  
  162  13:55  Overlord x2  
  176  14:01  Spore Crawler  
  156  14:12  Hydralisk x5  
  156  14:13  Hydralisk x2  
  163  14:19  Zergling x10  
  163  14:22  Baneling x6  
  163  14:23  Baneling  
  167  14:33  Drone  
  167  14:34  Drone  
  167  14:35  Spore Crawler  
  167  14:41  Hydralisk x6  
  144  14:55  Zergling x22  
  145  15:02  Baneling  
  145  15:03  Hydralisk  
  145  15:04  Hydralisk x3  
  153  15:10  Lurker Den  
  153  15:11  Overseer  
  152  15:15  Drone x2  
  152  15:16  Drone x3  
  157  15:25  Hydralisk x6  
  169  15:29  Baneling x4  
  169  15:30  Baneling x8  
  167  15:39  Zergling x10  
  172  15:48  Hydralisk x5  
  182  15:53  Baneling x9  
  182  16:06  Hydralisk x7  
  196  16:12  Zergling x6  
  187  16:23  Zergling x30  
  157  16:35  Zergling x26  
Show
View Real Time Build Order
Export as new Build Order

KampfHeld Terran - Winner!

Build Orders: Reaper Expand 

Get SALT Encoding   

  12  0:00  SCV  
  13  0:12  SCV  
  14  0:17  Supply Depot  
  14  0:24  SCV  
  15  0:39  SCV  
  15  0:40  Barracks  
  16  0:44  Refinery  
  16  0:51  SCV  
  17  1:03  SCV  
  18  1:15  SCV  
  19  1:30  Orbital Command, Reaper  
  20  1:43  Command Center  
  20  1:53  Supply Depot  
  20  1:55  SCV  
  21  2:02  Marine  
  21  2:07  SCV  
  23  2:13  Factory  
  23  2:19  SCV  
  24  2:26  Barracks Reactor  
  24  2:31  SCV  
  25  2:43  SCV  
  26  2:49  Command Center  
  26  2:54  Refinery  
  26  2:56  SCV, Orbital Command  
  27  3:08  SCV  
  27  3:10  Barracks Tech Lab  
  27  3:11  Hellion x2  
  32  3:20  SCV  
  32  3:24  SCV  
  33  3:32  SCV  
  33  3:33  Hellion  
  35  3:36  SCV  
  36  3:42  Marine, Stimpack  
  36  3:44  SCV  
  36  3:46  Starport  
  39  3:48  SCV  
  39  3:56  SCV  
  39  3:57  Barracks  
  39  3:58  Hellion  
  39  4:01  Hellion  
  44  4:04  SCV  
  44  4:08  Orbital Command  
  45  4:13  Marine  
  45  4:15  SCV  
  47  4:21  SCV  
  47  4:22  Barracks  
  48  4:25  Viking  
  48  4:27  SCV  
  49  4:32  Marine  
  49  4:33  SCV  
  49  4:35  Factory Reactor, SCV  
  52  4:40  SCV  
  52  4:43  Supply Depot  
  54  4:45  SCV  
  54  4:48  SCV  
  54  4:52  SCV, Engineering Bay, Marine  
  56  4:54  Engineering Bay  
  56  4:57  Marine x2, SCV  
  60  5:03  SCV  
  60  5:06  Barracks  
  61  5:07  Barracks  
  61  5:08  SCV  
  61  5:09  Supply Depot  
  61  5:10  SCV  
  61  5:13  Starport Reactor  
  63  5:15  Marine x2  
  63  5:18  Marine  
  66  5:21  Factory Tech Lab  
  66  5:23  SCV  
  66  5:24  SCV, Refinery  
  66  5:25  Refinery  
  68  5:29  Combat Shield  
  68  5:30  Orbital Command  
  68  5:33  Marine x2  
  68  5:34  Supply Depot  
  68  5:35  SCV  
  71  5:36  SCV  
  71  5:37  Marine x2  
  71  5:39  Supply Depot  
  71  5:40  Marine  
  75  5:47  SCV  
  76  5:51  Marine  
  76  5:55  Marine, Medivac x2  
  76  5:56  SCV  
  83  5:58  Barracks Reactor x2  
  83  5:59  SCV x2  
  85  6:06  Marine x2  
  85  6:08  SCV, Missile Turret  
  85  6:09  Siege Tank, Marine x2  
  93  6:13  Missile Turret  
  93  6:21  Supply Depot  
  93  6:23  Supply Depot, Marine, SCV  
  93  6:30  Marine x3, SCV  
  93  6:35  Marine  
  93  6:37  Bunker  
  93  6:40  Bunker  
  93  6:43  Marine, SCV  
  93  6:45  Terran Infantry Weapons Level 1, Terran Infantry Armor Level 1  
  93  6:47  Marine x4  
  92  6:48  SCV  
  92  6:53  Refinery x2, SCV  
  98  6:56  Siege Tank  
  101  7:02  Supply Depot  
  101  7:04  Armory  
  101  7:08  SCV  
  102  7:11  Marine x2  
  102  7:12  Marine  
  102  7:15  Command Center  
  105  7:20  Marine x4  
  109  7:25  Supply Depot, Medivac x2  
  113  7:31  Marine x4  
  117  7:41  Concussive Shells  
  117  7:46  Supply Depot, Marine x5  
  117  7:47  Supply Depot  
  117  7:49  Marine, Supply Depot  
  117  7:50  SCV x2  
  125  8:07  Barracks, Marine x3  
  125  8:08  SCV x2, Siege Tank, Barracks  
  125  8:09  Marine, SCV, Barracks  
  135  8:13  Supply Depot  
  135  8:15  Marine x4  
  135  8:19  Marauder  
  139  8:25  Supply Depot  
  139  8:33  Supply Depot  
  139  8:34  Marine x6  
  139  8:40  Marauder  
  147  8:43  Factory, Medivac x2  
  147  8:46  Terran Infantry Weapons Level 2  
  151  8:54  Terran Infantry Armor Level 2, Ghost Academy  
  151  8:59  Barracks Tech Lab  
  151  9:00  Barracks Tech Lab x2  
  151  9:01  Marine  
  151  9:02  Marine x2, Marauder  
  156  9:04  Marine  
  156  9:05  Marine  
  158  9:10  Planetary Fortress  
  158  9:11  SCV  
  158  9:13  SCV  
  160  9:21  Marauder x3  
  160  9:23  Marauder  
  168  9:27  Marine x6  
  168  9:29  SCV  
  168  9:30  SCV x2  
  177  9:36  Factory Reactor, Drilling Claws  
  177  9:37  Fusion Core, Siege Tank  
  180  9:39  Terran Vehicle Weapons Level 1  
  180  9:41  Marine x2  
  180  9:42  Marauder x2  
  180  9:43  Marauder  
  188  10:06  Marine x4, Medivac, Marauder x3  
  200  10:07  Marine x2  
  200  10:08  Marine x2  
  200  10:11  Medivac  
  176  10:23  SCV x3  
  176  10:25  Marauder, Caduceus Reactor  
  176  10:27  Ghost x3, Sensor Tower  
  187  10:33  Widow Mine  
  187  10:34  Widow Mine, Siege Tank  
  194  10:36  Liberator  
  194  10:41  Refinery x2  
  197  10:46  Ghost  
  199  10:55  Ghost x2  
  199  10:57  Marine x2  
  183  11:05  Marine x4, Marauder  
  183  11:06  Marine x2  
  183  11:09  Terran Infantry Weapons Level 3  
  190  11:14  Marine x2  
  190  11:15  Marauder  
  166  11:22  Medivac x2  
  166  11:23  Marine x2  
  166  11:24  Ghost  
  166  11:25  Marauder  
  165  11:27  Marauder  
  167  11:33  Marine x2  
  167  11:34  Marine x4  
  167  11:35  Widow Mine x2  
  167  11:36  Ghost  
  178  11:41  Marine x2  
  178  11:46  Marauder  
  172  11:48  Marauder  
  172  11:51  Marine x2  
  172  11:53  Marauder  
  178  11:57  Medivac x2  
  178  11:58  Siege Tank, Widow Mine x2  
  189  12:05  Marauder  
  189  12:06  Ghost  
  190  12:22  Command Center  
  190  12:27  Liberator x2  
  180  12:34  Ghost x2, Marine x4  
  180  12:35  Marauder  
  180  12:40  Widow Mine x2, Siege Tank  
  187  12:44  Barracks, Terran Infantry Armor Level 3  
  187  12:46  Barracks  
  187  13:00  Ghost, Marine  
  187  13:01  Marine x3, Marauder  
  187  13:02  Sensor Tower  
  187  13:03  Marauder x2  
  187  13:04  Marine  
  200  13:09  Medivac  
  200  13:10  Medivac  
  190  13:17  Marine x3  
  190  13:18  Marine  
  194  13:21  Widow Mine x2  
  194  13:22  Marauder  
  200  13:35  Barracks Tech Lab x2  
  200  13:38  Sensor Tower  
  200  13:46  Ghost  
  200  13:48  Marine  
  184  14:14  Ghost x2  
  184  14:15  Ghost, Marine x6  
  184  14:17  Siege Tank  
  182  14:22  Ghost  
  182  14:23  Marine x2  
  182  14:24  Marauder x2  
  190  14:30  Neosteel Armor  
  190  14:32  Planetary Fortress  
  190  14:37  Marine x4  
  194  14:43  Ghost  
  194  14:44  Marauder x2  
  172  14:53  Ghost x3  
  172  14:54  Marine x2  
  172  14:58  Medivac x2  
  179  15:00  Marine x6  
  179  15:01  Siege Tank  
  179  15:02  Widow Mine x2  
  179  15:05  Marauder x2  
  196  15:12  Marauder  
  198  15:17  Command Center  
  198  15:21  Hi-Sec Auto Tracking  
  198  15:22  Ghost  
  199  16:05  Command Center  
  199  16:06  Command Center  
  199  16:09  Command Center  
  182  16:35  Marine x4  
Tags
 
Add a new tag
Caveats
  • Supply blocks, unpowered buildings, or Contaminate may cause inaccurate times.
  • Supply counts are checked every 10 seconds.